 Dungeon Crawl Stone Soup version 0.29.1-12-g30fa7ad0bf (webtiles) character file.

Game seed: 4157727008902603656

994 booth the Digger (level 8, 0/63 HPs)
             Began as a Gnoll Wanderer on Dec 17, 2022.
             Was an Initiate of Hepliaklqana.
             Slain by a troll (8 damage)
             ... on level 10 of the Dungeon on Dec 18, 2022.
             The game lasted 01:28:27 (6085 turns).

booth the Digger (Gnoll Wanderer)                   Turns: 6085, Time: 01:28:28

Health: 0/63       AC:  5    Str: 10    XL:     8   Next: 19%
Magic:  11/17      EV: 16    Int: 15    God:    Hepliaklqana [......]
Gold:   417        SH:  0    Dex: 12    Spells: 2/19 levels left

rFire   . . .      SeeInvis .   o - +2 dagger (drain)
rCold   . . .      Faith    .   (no shield)
rNeg    + . .      Spirit   .   b - +0 robe
rPois   .          Reflect  .   g - +0 helmet
rElec   .          Harm     .   (no cloak)
rCorr   .          Rampage  .   I - +1 pair of gloves "Taorgh" {Will++}
Will    ++...      Rage     3%  (no boots)
Stlth   ++........              J - amulet of regeneration
HPRegen 1.00/turn               v - +4 ring of evasion
MPRegen 0.15/turn               q - ring of positive energy

@: no status effects
A: fangs 1, strong nose, distributed training, berserk 1
a: Renounce Religion


You were on level 10 of the Dungeon.
You worshipped Hepliaklqana.
Hepliaklqana was noncommittal.
You visited 2 branches of the dungeon, and saw 9 of its levels.

You collected 417 gold pieces.

Inventory:

Hand Weapons
 a - a +0 dagger
 e - a +0 mace
 l - a +5 halberd
 o - a +2 dagger of draining (weapon)
Missiles
 d - 108 stones
 p - 2 curare-tipped darts (quivered)
 w - a boomerang
 y - 4 javelins
Armour
 b - a +0 robe (worn)
 g - a +0 helmet (worn)
 t - a +0 leather armour
 I - the +1 pair of gloves "Taorgh" (worn) {Will++}
   (You found it on level 6 of the Dungeon)

   Will:      It greatly increases your willpower.
Jewellery
 j - a ring of protection from fire
 q - a ring of positive energy (right hand)
 v - a +4 ring of evasion (left hand)
 D - a ring of resist corrosion
 J - an amulet of regeneration (around neck)
Wands
 n - a wand of light (12)
 s - a wand of mindburst (18)
Scrolls
 h - 2 scrolls of vulnerability
 i - a scroll of magic mapping
 k - 2 scrolls of noise {unknown}
 m - a scroll of immolation {unknown}
 r - a scroll of brand weapon {unknown}
 B - a scroll of summoning {unknown}
 C - a scroll of silence {unknown}
 F - a scroll of enchant weapon {unknown}
 H - a scroll of identify
Potions
 c - 5 potions of curing
 f - 2 potions of might
 u - a potion of mutation
 x - a potion of ambrosia {unknown}
 A - a potion of heal wounds {unknown}
 E - 2 potions of lignification {unknown}
 G - a potion of attraction


   Skills:
 + Level 5.6 Fighting
 + Level 3.1 Short Blades
 + Level 3.1 Long Blades
 + Level 3.1 Axes
 + Level 3.1 Maces & Flails
 + Level 3.1 Polearms
 + Level 3.1 Staves
 + Level 3.1 Ranged Weapons
 + Level 3.1 Throwing
 + Level 3.1 Armour
 + Level 3.1 Dodging
 + Level 3.1 Stealth
 + Level 3.1 Shields
 + Level 3.1 Unarmed Combat
 + Level 6.0 Spellcasting
 + Level 2.5 Conjurations
 + Level 2.5 Hexes
 + Level 2.5 Summonings
 + Level 6.1 Necromancy
 + Level 2.5 Translocations
 + Level 2.5 Transmutations
 + Level 2.5 Fire Magic
 + Level 2.5 Ice Magic
 + Level 2.5 Air Magic
 + Level 6.1 Earth Magic
 + Level 2.5 Poison Magic
 + Level 3.5 Invocations
 + Level 3.1 Evocations


You had 2 spell levels left.
You knew the following spells:

 Your Spells              Type           Power      Damage    Failure   Level
a - Necrotise             Necr           88%        1d8       1%          1
b - Sandblast             Erth           44%        2d11      1%          1
c - Sublimation of Blood  Necr           22%        N/A       1%          2
d - Passwall              Tmut/Erth      14%        N/A       3%          2
e - Apportation           Tloc           24%        N/A       5%          1
f - Summon Small Mammal   Summ           48%        N/A       5%          1
g - Ensorcelled Hibernat  Hex/Ice        24%        N/A       8%          2
h - Stone Arrow           Conj/Erth      34%        3d9       8%          3
i - Dispel Undead         Necr           22%        3d12      12%         4

Your spell library contained the following spells:

 Spells                   Type           Power      Damage    Failure   Level
 Swiftness                Air            12%        N/A       16%         3


Dungeon Overview and Level Annotations

Branches:
Dungeon (7/15)             Temple (1/1) D:6

Altars:
Ashenzari
Elyvilon
Gozag
Hepliaklqana
Kikubaaqudgha
Makhleb
Nemelex Xobeh
Okawaru
Qazlal
Ru
Sif Muna
Trog
Uskayaw
Vehumet
Wu Jian
Xom
Yredelemnul
The Shining One


Innate Abilities, Weirdness & Mutations

You have very sharp teeth.
Your uncanny sense of smell can sniff out nearby items.
Your experience applies equally to all skills.
You sometimes lose your temper in combat.


Message History

Confirm with . or Enter, or press ? or * to list all spells.
Aiming: Sandblast (safe; 1% risk of failure)
Press: ? - help, Shift-Dir - straight line, f/p - troll
Aim: a troll (moderately wounded, lightly drained, ally target, 83% to hit)
The blast of sand misses the troll.
The blast of sand hits something.
The troll bites you! The troll barely misses you. The troll claws you!
Your orc skeleton barely misses something.
The troll bites you but does no damage. The troll claws you.
* * * LOW HITPOINT WARNING * * *
The troll claws you.
* * * LOW HITPOINT WARNING * * *
You feel better. The troll misses you. The troll claws you but does no damage.
The troll claws you.
Your orc skeleton hits something.
Casting: Sandblast (safe; 1% risk of failure)
Confirm with . or Enter, or press ? or * to list all spells.
Aiming: Sandblast (safe; 1% risk of failure)
Press: ? - help, Shift-Dir - straight line, f/p - troll
Aim: a troll (moderately wounded, lightly drained, ally target, 83% to hit)
The blast of sand hits the troll!
The troll is heavily wounded.
The troll bites you!
* * * LOW HITPOINT WARNING * * *
The troll claws you.
* * * LOW HITPOINT WARNING * * *
The troll barely misses you.
Your orc skeleton closely misses something.
It was a potion of mutation.
You feel extremely strange.
You feel a little pissed off. The troll misses you. The troll claws you.
* * * LOW HITPOINT WARNING * * *
The troll claws you but does no damage.
Your orc skeleton misses something.
Casting: Sandblast (safe; 1% risk of failure)
Confirm with . or Enter, or press ? or * to list all spells.
Aiming: Sandblast (safe; 1% risk of failure)
Press: ? - help, Shift-Dir - straight line, f/p - troll
Aim: a troll (moderately wounded, lightly drained, ally target, 83% to hit)
The blast of sand hits the troll!
The troll is heavily wounded.
The troll bites you!
You die...

#. #.. #. .). #
#.# #.#
#.##.###..##.#
##.......).....
........Z.....#
##....o.#.#.###
######T#.# #
#@# # #.# #.#
#.# ∆ #.# ...
#.# #.#


You could see a troll (drained, ally target), an orc and a friendly orc
skeleton.

Vanquished Creatures
  A sky beast (D:6)
  An ogre (D:5)
  A centaur (D:6)
  Blork the orc (D:5)
  A necrophage (D:5)
  A bullfrog (D:3)
  4 orc priests
  A jelly (D:6)
  5 iguanas
  2 orc wizards (D:6)
  6 gnolls
  6 adders
  2 ufetubi
  A worm (D:3)
  3 dart slugs
  21 orcs
  2 ball pythons (D:1)
  5 bats
  6 endoplasms
  5 giant cockroaches
  7 goblins
  2 hobgoblins
  3 jackals (D:2)
  4 kobolds
  3 quokkas
  3 frilled lizards
  3 rats
100 creatures vanquished.

Vanquished Creatures (collateral kills)
  An orc (D:5)
1 creature vanquished.

Vanquished Creatures (others)
  A plant (D:2)
1 creature vanquished.

Grand Total: 102 creatures vanquished

Notes
Turn   | Place    | Note
-------+----------+-------------------------------------------
     0 | D:1      | booth the Gnoll Wanderer began the quest for the Orb.
     0 | D:1      | booth set off with the following items: a +0 dagger, a +0
                  | robe, 2 potions of curing; and the following spells
                  | available to memorise: Necrotise, Sandblast, Sublimation of
                  | Blood, Stone Arrow, Dispel Undead.
     0 | D:1      | Reached XP level 1. HP: 20/20 MP: 6/6
     3 | D:1      | Learned a level 1 spell: Necrotise
     5 | D:1      | Learned a level 1 spell: Sandblast
   173 | D:1      | Reached XP level 2. HP: 26/26 MP: 2/7
   649 | D:1      | Reached skill level 5 in Spellcasting
   649 | D:1      | Reached XP level 3. HP: 31/31 MP: 6/9
   770 | D:2      | Found a faded altar of an unknown god.
   802 | D:2      | Reached skill level 1 in Invocations
   814 | D:2      | Learned a level 2 spell: Sublimation of Blood
   819 | D:2      | Learned a level 2 spell: Passwall
  1062 | D:2      | Reached skill level 1 in Short Blades
  1062 | D:2      | Reached skill level 1 in Long Blades
  1062 | D:2      | Reached skill level 1 in Axes
  1062 | D:2      | Reached skill level 1 in Maces & Flails
  1062 | D:2      | Reached skill level 1 in Polearms
  1062 | D:2      | Reached skill level 1 in Staves
  1062 | D:2      | Reached skill level 1 in Ranged Weapons
  1062 | D:2      | Reached skill level 1 in Throwing
  1062 | D:2      | Reached skill level 1 in Armour
  1062 | D:2      | Reached skill level 1 in Dodging
  1062 | D:2      | Reached skill level 1 in Stealth
  1062 | D:2      | Reached skill level 1 in Shields
  1062 | D:2      | Reached skill level 1 in Unarmed Combat
  1062 | D:2      | Reached skill level 1 in Evocations
  1221 | D:2      | Reached XP level 4. HP: 37/38 MP: 8/11
  1585 | D:2      | Reached skill level 1 in Conjurations
  1585 | D:2      | Reached skill level 1 in Hexes
  1585 | D:2      | Reached skill level 1 in Summonings
  1585 | D:2      | Reached skill level 1 in Translocations
  1585 | D:2      | Reached skill level 1 in Transmutations
  1585 | D:2      | Reached skill level 1 in Fire Magic
  1585 | D:2      | Reached skill level 1 in Ice Magic
  1585 | D:2      | Reached skill level 1 in Air Magic
  1585 | D:2      | Reached skill level 1 in Poison Magic
  1790 | D:3      | Noticed a bullfrog
  1796 | D:3      | Killed a bullfrog
  1797 | D:3      | Reached XP level 5. HP: 36/43 MP: 8/12
  2782 | D:4      | Reached XP level 6. HP: 50/50 MP: 8/13
  2829 | D:4      | Reached skill level 5 in Fighting
  2894 | D:4      | Learned a level 1 spell: Apportation
  2896 | D:4      | Learned a level 1 spell: Summon Small Mammal
  2899 | D:4      | Learned a level 2 spell: Ensorcelled Hibernation
  3118 | D:5      | Entered Level 5 of the Dungeon
  3664 | D:5      | Found a burning altar of Makhleb.
  3732 | D:5      | Learned a level 3 spell: Stone Arrow
  4146 | D:5      | Reached XP level 7. HP: 56/56 MP: 12/15
  4151 | D:5      | Learned a level 4 spell: Dispel Undead
  4302 | D:5      | Noticed Blork the orc
  4492 | D:5      | Killed Blork the orc
  4854 | D:6      | Found an iron altar of Okawaru.
  4885 | D:6      | Identified the +1 pair of gloves "Taorgh" {Will++}
  5567 | D:6      | Found a staircase to the Ecumenical Temple.
  5581 | Temple   | Entered the Ecumenical Temple
  5617 | Temple   | Became a worshipper of Hepliaklqana the Forgotten
  5813 | D:6      | Reached XP level 8. HP: 63/63 MP: 13/16
  6034 | D:7      | Found a sacrificial altar of Ru.
  6046 | D:7      | You fall into a shaft and drop 3 floors!
  6046 | D:10     | Entered Level 10 of the Dungeon
  6065 | D:10     | Noticed a yak
  6065 | D:10     | Noticed a yak
  6066 | D:10     | Noticed a wyvern
  6066 | D:10     | Noticed a yak
  6066 | D:10     | Noticed a yak
  6066 | D:10     | Noticed a yak
  6066 | D:10     | Noticed a yak
  6072 | D:10     | Noticed a troll
  6084 | D:10     | Gained mutation: You sometimes lose your temper in combat.
                  | [potion of mutation]
  6085 | D:10     | Slain by a troll

Illustrated notes

Levels and vault maps discovered:
D:1:      minmay_arrival_shattered_statue, layout_basic
D:2:      layout_basic, dilly_ecumenical_altar_fadedgnrine,
          minmay_randomly_rotated_circles
D:3:      layout_basic
D:4:      layout_rooms
D:5:      layout_basic, mainiacjoe_overflow_cross_hatched, uniq_blork_the_orc
D:6:      layout_gridville, mainiacjoe_overflow_chevrons,
          minmay_temple_entry_stoned_glass
D:7:      layout_basic, chei_slow_surprise, lemuel_doored_altar, serial_shops,
          kennysheep_mini, uniq_joseph
D:10:     layout_loops_ring, hiddenorc1_lemuel, serial_shops,
          nicolae_shop_behind_doors, uniq_psyche, uniq_harold
Temple:   nicolae_temple_no_exploring_needed

Skill      XL: |  1  2  3  4  5  6  7  8 |
---------------+-------------------------+-----
Spellcasting   | 5 6 |  6.0
Invocations    | 1 2 3 |  3.5
Short Blades   | 1 2 3 |  3.1
Long Blades    | 1 2 3 |  3.1
Axes           | 1 2 3 |  3.1
Maces & Flails | 1 2 3 |  3.1
Polearms       | 1 2 3 |  3.1
Staves         | 1 2 3 |  3.1
Ranged Weapons | 1 2 3 |  3.1
Throwing       | 1 2 3 |  3.1
Armour         | 1 2 3 |  3.1
Dodging        | 1 2 3 |  3.1
Stealth        | 1 2 3 |  3.1
Shields        | 1 2 3 |  3.1
Unarmed Combat | 1 2 3 |  3.1
Evocations     | 1 2 3 |  3.1
Conjurations   | 1 2 |  2.5
Hexes          | 1 2 |  2.5
Summonings     | 1 2 |  2.5
Translocations | 1 2 |  2.5
Transmutations | 1 2 |  2.5
Fire Magic     | 1 2 |  2.5
Ice Magic      | 1 2 |  2.5
Air Magic      | 1 2 |  2.5
Poison Magic   | 1 2 |  2.5
Fighting       | 5 |  5.6
Necromancy     | 6 |  6.1
Earth Magic    | 6 |  6.1

Action                   |  1- 3 |  4- 6 |  7- 9 || total
-------------------------+-------+-------+-------++-------
Melee: Dagger            |    28 |    20 |    28 ||    76
       Bite              |     2 |     2 |     1 ||     5
       Punch             |       |       |     2 ||     2
Throw: Stone             |     5 |     3 |       ||     8
       Javelin           |       |     1 |       ||     1
       Dart              |       |       |     4 ||     4
 Cast: Necrotise         |    25 |    38 |    38 ||   101
       Sandblast         |    23 |    35 |    30 ||    88
       Summon Small Mamm |       |     1 |     4 ||     5
       Passwall          |       |       |     1 ||     1
  Use: Scroll            |     1 |     5 |     4 ||    10
       Potion            |       |       |     2 ||     2
Armor: Robe              |    24 |    12 |    20 ||    56
Dodge: Dodged            |    29 |    30 |    51 ||   110
